Knights vs Rafales (R1)

Created - 23 novembre 2016 at 23:47

Goals
1 2 3 T
Knights 1 2 0 3
Rafales 2 0 0 2
Shots
1 2 3 T
Knights 10 13 3 26
Rafales 15 3 10 28

1st period

1. Knights , Jimmy Hayes 4 (Michael Raffl, Tomas Kundratek) at 10:12
2. Rafales , Milan Bartovic 4 (Connor Murphy) at 10:26
3. Rafales , Nathan Davis 3 (Tim Crowder, Michael Bournival) at 14:48

Penalties :
Scott Jackson (Lon) for Tripping (Minor) at 1:46, Mike Sislo (Stf) for Holding (Minor) at 17:08

2nd period

4. Knights , Michael Raffl 6 (Michael Stone, Chris Thorburn) at 5:24 (PP)
5. Knights , Josh Jooris 2 (Nikita Nikitin, Zach Trotman) at 18:58

Penalties :
Jonas Junland (Stf) for Hooking (Minor) at 3:57, A.J. Jenks (Lon) for Holding (Minor) at 10:02, Cody Bass (Lon) for Hooking (Minor) at 19:50

3rd period

No Goal

Penalties :
Michael Stone (Lon) for Hooking (Minor) at 3:27, Zach Trotman (Lon) for Holding (Minor) at 8:56

Goalie Stats

Jeff Glass (Lon), 26 saves from 28 shots - (0,929), W, 6-2-0, 60:00 minutes
John Gibson (Stf), 23 saves from 26 shots - (0,885), L, 4-3-1, 58:57 minutes

Players Stats for Knights

Player Name              G  A  P  +/- PIM S  H  SB GA TA FO     MP     PP MP  PK MP  
------------------------------------------------------------------------------------
A.J. Jenks               0  0  0   1  2   0  3  1  3  0  0/0     7:55   0:00   0:00 
Alan Quine               0  0  0   1  0   0  0  0  0  0  1/1     9:44   0:00   1:18 
Chris Thorburn           0  1  1  -1  0   2  0  1  0  0  1/1    15:52   2:13   0:10 
Cody Bass                0  0  0   0  2   1  3  1  0  0  3/5    16:18   0:00   3:11 
James Wright             0  0  0  -1  0   1  0  2  0  0  18/28  21:14   2:13   5:16 
Jason Zucker             0  0  0  -1  0   0  3  0  0  0  0/0    13:59   1:13   0:07 
Jimmy Hayes              1  0  1   0  0   7  2  0  0  1  1/1    20:55   1:13   5:13 
Joe Colborne             0  0  0   0  0   4  3  0  0  1  4/9    17:25   1:13   2:43 
Josh Jooris              1  0  1   1  0   1  5  0  0  0  0/0     8:14   0:00   0:00 
Kevin Hayes              0  0  0   0  0   0  2  0  1  0  0/0    10:54   0:00   0:00 
Michael Raffl            1  1  2   0  0   4  2  1  0  1  0/0    19:22   2:13   1:52 
Michael Stone            0  1  1   0  2   2  0  0  1  0  0/0    19:28   1:43   2:55 
Nikita Nikitin           0  1  1  -1  0   0  0  1  1  0  0/0    28:33   1:43   5:46 
Patrick Wiercioch        0  0  0   0  0   0  0  0  0  0  0/0     8:02   0:00   1:51 
Ronalds Kenins           0  0  0   0  0   2  0  1  0  0  0/1    10:44   0:00   0:00 
Scott Jackson            0  0  0   1  2   1  2  1  0  0  0/0    24:05   1:43   3:48 
Tomas Kundratek          0  1  1   0  0   0  0  0  0  0  0/0    12:16   1:06   0:50 
Zach Trotman             0  1  1   0  2   1  3  1  0  0  0/0    25:00   0:37   4:40 

Players Stats for Rafales

Player Name              G  A  P  +/- PIM S  H  SB GA TA FO     MP     PP MP  PK MP  
------------------------------------------------------------------------------------
Cody McLeod              0  0  0   1  0   4  1  0  1  1  1/5    21:40   5:11   1:37 
Connor Murphy            0  1  1   2  0   0  0  2  1  0  0/0    25:52   6:00   2:14 
Dan Fritsche             0  0  0   0  0   2  3  0  0  0  3/10   18:10   4:29   0:17 
Jeff Skinner             0  0  0   0  0   1  1  1  0  0  0/0    14:59   4:29   0:33 
Johan Ryno               0  0  0  -1  0   1  1  0  0  0  0/0     8:59   0:07   0:00 
Jonas Junland            0  0  0   0  2   1  1  2  0  1  0/0    20:32   3:55   0:49 
Jonathan Rheault         0  0  0   0  0   0  0  1  0  0  0/0    13:47   0:00   0:00 
Julian Melchiori         0  0  0   1  0   1  1  2  0  0  0/0    19:03   0:00   2:09 
Kevin Veilleux           0  0  0  -1  0   1  0  0  0  1  2/5     7:43   0:00   0:00 
Marc-André Gragnani      0  0  0  -2  0   1  1  2  0  0  0/0    13:20   0:00   0:00 
Mark Fayne               0  0  0  -2  0   1  0  0  0  0  0/0    17:55   3:55   0:28 
Matt Gilroy              0  0  0   1  0   0  0  2  0  2  0/0    23:17   6:00   1:12 
Michael Bournival        0  1  1  -1  0   2  0  0  1  0  0/0    12:29   4:22   0:00 
Mike Sislo               0  0  0   0  2   3  4  0  0  0  0/0    15:12   0:07   0:34 
Mike Zigomanis           0  0  0   1  0   3  5  1  0  1  10/23  21:47   5:19   1:45 
Milan Bartovic           1  0  1   1  0   4  1  1  0  0  0/0    21:12   5:19   1:11 
Nathan Davis             1  0  1   0  0   3  2  0  0  0  2/3    10:41   0:22   0:00 
Tim Crowder              0  1  1   0  0   0  1  0  0  0  0/0     9:54   0:00   0:55 

3 Stars

1 - Josh Jooris (Lon)
2 - Michael Raffl (Lon)
3 - Milan Bartovic (Stf)

Power Play

Knights - 1 on 2 Attempt(s) - 50,00%
Rafales - 0 on 5 Attempt(s) - 0,00%

Penalty Kill

Knights - 5 on 5 Attempt(s) - 100,00% - Score 0 goal in Penalty Kill
Rafales - 1 on 2 Attempt(s) - 50,00% - Score 0 goal in Penalty Kill

Team Stat

Knights - Hits : 28 - Faceoff Wins : 28 - Blocked Shots : 10 - Penalty Minutes : 10
Rafales - Hits : 22 - Faceoff Wins : 18 - Blocked Shots : 14 - Penalty Minutes : 4

Official

Referees : Walsh Ian and L'Ecuyer Frederick
Linesman : Mark Wheler and Jonny Murray

Game Notes

Tomas Kundratek is injured at 2:56 of 2nd period (Strained Right Elbow)

Finance

Level 1 -- Attendance: 1360 (68,00%) -- Ticket Income 47 600 $
Level 2 -- Attendance: 807 (80,70%) -- Ticket Income 12 105 $
Total Attendance: 2167 (72,23%)
Total Ticket Income: 59 705 $
Other Income: 2 985 $
Total Income: 62 690 $

Knights

5 vs 5 Forward 
   Center                   Left Wing                Right Wing               Time % Phy DF OF 
 1 James Wright             Jason Zucker             Chris Thorburn           31     2   0  3  
 2 Joe Colborne             Michael Raffl            Jimmy Hayes              29     2   0  3  
 3 Cody Bass                Ronalds Kenins           Kevin Hayes              25     1   1  3  
 4 Alan Quine               A.J. Jenks               Josh Jooris              15     1   2  2  

5 vs 5 Defense 
   Defense                  Defense                                           Time % Phy DF OF 
 1 Tomas Kundratek          Zach Trotman                                      35     1   3  1  
 2 Scott Jackson            Nikita Nikitin                                    30     1   3  1  
 3 Tomas Kundratek          Michael Stone                                     22     1   3  1  
 4 Tomas Kundratek          Nikita Nikitin                                    13     1   2  2  

PowerPlay Forward 
   Center                   Left Wing                Right Wing               Time % Phy DF OF 
 1 James Wright             Michael Raffl            Chris Thorburn           60     0   0  5  
 2 Joe Colborne             Jason Zucker             Jimmy Hayes              40     0   0  5  

PowerPlay Defense
   Defense                  Defense                                           Time % Phy DF OF 
 1 Nikita Nikitin           Tomas Kundratek                                   60     0   1  4  
 2 Michael Stone            Scott Jackson                                     40     0   1  4  

Penalty Kill 4 Players Forward 
   Center                   Wing                     Time % Phy DF OF 
 1 James Wright             Jimmy Hayes              60     0   5  0  
 2 Cody Bass                Joe Colborne             40     0   5  0  

Penalty Kill 4 Players Defense
   Defense                  Defense                  Time % Phy DF OF 
 1 Tomas Kundratek          Zach Trotman             60     0   5  0  
 2 Scott Jackson            Michael Stone            40     0   5  0  

Penalty Kill - 3 Players Forward 
   Forward                                           Time % Phy DF OF 
 1 Chris Thorburn                                    60     0   5  0  
 2 James Wright                                      40     0   5  0  

Penalty Kill - 3 Players Defense
   Defense                  Defense                  Time % Phy DF OF 
 1 Tomas Kundratek          Zach Trotman             60     0   5  0  
 2 Nikita Nikitin           Scott Jackson            40     0   5  0  

4 vs 4 Forward 
   Center                   Wing                     Time % Phy DF OF 
 1 James Wright             Michael Raffl            60     1   2  2  
 2 Joe Colborne             Jason Zucker             40     1   2  2  

4 vs 4 Defense
   Defense                  Defense                  Time % Phy DF OF 
 1 Nikita Nikitin           Tomas Kundratek          60     1   2  2  
 2 Zach Trotman             Scott Jackson            40     1   2  2  

Last Minutes Offensive
   Center                   Left Wing                Right Wing               Defense                  Defense                  
   James Wright             Michael Raffl            Chris Thorburn           Tomas Kundratek          Nikita Nikitin           

Last Minutes Defensive
   Center                   Left Wing                Right Wing               Defense                  Defense                  
   James Wright             Michael Raffl            Jimmy Hayes              Tomas Kundratek          Nikita Nikitin           

Goaltenders
Starting : Jeff Glass               
Backup : Mark Dekanich            

Extra Forwards
Normal : Joe Colborne, Michael Raffl, James Wright - PP : James Wright, Michael Raffl - PK : James Wright
Extra Defensemen
Normal : Nikita Nikitin, Scott Jackson, Tomas Kundratek - PP : Tomas Kundratek - PK : Nikita Nikitin, Tomas Kundratek
Penalty Shots
Kevin Hayes, Michael Raffl, Josh Jooris, James Wright, Joe Colborne

Rafales

5 vs 5 Forward 
   Center                   Left Wing                Right Wing               Time % Phy DF OF 
 1 Mike Zigomanis           Cody McLeod              Milan Bartovic           40     0   0  5  
 2 Dan Fritsche             Mike Sislo               Jonathan Rheault         30     0   0  5  
 3 Nathan Davis             Jeff Skinner             Tim Crowder              20     0   0  5  
 4 Kevin Veilleux           Michael Bournival        Johan Ryno               10     0   0  5  

5 vs 5 Defense 
   Defense                  Defense                                           Time % Phy DF OF 
 1 Connor Murphy            Julian Melchiori                                  40     1   2  2  
 2 Matt Gilroy              Jonas Junland                                     30     1   2  2  
 3 Marc-André Gragnani      Mark Fayne                                        20     1   2  2  
 4 Connor Murphy            Matt Gilroy                                       10     1   2  2  

PowerPlay Forward 
   Center                   Left Wing                Right Wing               Time % Phy DF OF 
 1 Mike Zigomanis           Cody McLeod              Milan Bartovic           60     1   0  4  
 2 Dan Fritsche             Michael Bournival        Jeff Skinner             40     1   0  4  

PowerPlay Defense
   Defense                  Defense                                           Time % Phy DF OF 
 1 Connor Murphy            Matt Gilroy                                       60     1   0  4  
 2 Mark Fayne               Jonas Junland                                     40     1   0  4  

Penalty Kill 4 Players Forward 
   Center                   Wing                     Time % Phy DF OF 
 1 Mike Zigomanis           Cody McLeod              60     1   3  1  
 2 Milan Bartovic           Mike Sislo               40     1   3  1  

Penalty Kill 4 Players Defense
   Defense                  Defense                  Time % Phy DF OF 
 1 Connor Murphy            Julian Melchiori         60     2   3  0  
 2 Matt Gilroy              Jonas Junland            40     2   3  0  

Penalty Kill - 3 Players Forward 
   Forward                                           Time % Phy DF OF 
 1 Mike Zigomanis                                    60     1   4  0  
 2 Cody McLeod                                       40     1   4  0  

Penalty Kill - 3 Players Defense
   Defense                  Defense                  Time % Phy DF OF 
 1 Mark Fayne               Julian Melchiori         60     2   3  0  
 2 Matt Gilroy              Jonas Junland            40     2   3  0  

4 vs 4 Forward 
   Center                   Wing                     Time % Phy DF OF 
 1 Mike Zigomanis           Cody McLeod              60     1   1  3  
 2 Milan Bartovic           Jeff Skinner             40     1   1  3  

4 vs 4 Defense
   Defense                  Defense                  Time % Phy DF OF 
 1 Connor Murphy            Mark Fayne               60     1   3  1  
 2 Matt Gilroy              Jonas Junland            40     1   3  1  

Last Minutes Offensive
   Center                   Left Wing                Right Wing               Defense                  Defense                  
   Mike Zigomanis           Cody McLeod              Milan Bartovic           Matt Gilroy              Connor Murphy            

Last Minutes Defensive
   Center                   Left Wing                Right Wing               Defense                  Defense                  
   Mike Zigomanis           Cody McLeod              Milan Bartovic           Marc-André Gragnani      Mark Fayne               

Goaltenders
Starting : John Gibson              
Backup : Philipp Grubauer         

Extra Forwards
Normal : Jeff Skinner, Mike Zigomanis, Michael Bournival - PP : Jeff Skinner, Nathan Davis - PK : Tim Crowder
Extra Defensemen
Normal : Connor Murphy, Mark Fayne, Matt Gilroy - PP : Matt Gilroy - PK : Mark Fayne, Matt Gilroy
Penalty Shots
Mike Zigomanis, Cody McLeod, Milan Bartovic, Tim Crowder, Jeff Skinner

% Time on Ice - Knights

Lines # - Real PCT - Wanted PCT - Time Play
Normal Forward
1 - 29% - 31% - 13:18
2 - 31% - 29% - 14:01
3 - 23% - 25% - 10:36
4 - 17% - 15% - 7:31
Normal Defense
1 - 39% - 35% - 17:31
2 - 15% - 30% - 7:01
3 - 29% - 22% - 13:16
4 - 17% - 13% - 7:38
PP Forward
1 - 65% - 60% - 2:13
2 - 35% - 40% - 1:13
PP Defense
1 - 50% - 60% - 1:43
2 - 50% - 40% - 1:43
PK Forward
1 - 73% - 60% - 7:12
2 - 27% - 40% - 2:43
PK Defense
1 - 63% - 60% - 6:12
2 - 37% - 40% - 3:43
PK3 Forward
1 - 0% - 60%
2 - 0% - 40%
PK3 Defense
1 - 0% - 60%
2 - 0% - 40%
44 Forward
1 - 0% - 60%
2 - 0% - 40%
44 Defense
1 - 0% - 60%
2 - 0% - 40%
Last Minute Offensive  - 0:00
Last Minute Defensive  - 1:13
Total
Forward - 60:00
Defense - 60:00

% Time on Ice - Rafales

Lines # - Real PCT - Wanted PCT - Time Play
Normal Forward
1 - 31% - 40% - 13:52
2 - 33% - 30% - 14:54
3 - 20% - 20% - 8:56
4 - 17% - 10% - 7:43
Normal Defense
1 - 38% - 40% - 17:22
2 - 33% - 30% - 14:47
3 - 25% - 20% - 11:16
4 - 4% - 10% - 2:00
PP Forward
1 - 55% - 60% - 5:26
2 - 45% - 40% - 4:29
PP Defense
1 - 61% - 60% - 6:00
2 - 39% - 40% - 3:55
PK Forward
1 - 66% - 60% - 2:15
2 - 34% - 40% - 1:11
PK Defense
1 - 65% - 60% - 2:14
2 - 35% - 40% - 1:12
PK3 Forward
1 - 0% - 60%
2 - 0% - 40%
PK3 Defense
1 - 0% - 60%
2 - 0% - 40%
44 Forward
1 - 0% - 60%
2 - 0% - 40%
44 Defense
1 - 0% - 60%
2 - 0% - 40%
Last Minute Offensive  - 1:14
Last Minute Defensive  - 0:00
Total
Forward - 60:00
Defense - 60:00

Play by Play

1st period


0:01 of 1st period - James Wright wins face-off versus Cody McLeod in neutral zone.
0:26 of 1st period - Zach Trotman is hit by Mike Sislo and loses puck.
0:31 of 1st period - Snap shot by Mike Sislo.
0:31 of 1st period - Stopped by Jeff Glass with a rebound.
1:05 of 1st period - Off-side.
1:06 of 1st period - Alan Quine wins face-off versus Kevin Veilleux in neutral zone.
1:09 of 1st period - Marc-André Gragnani is hit by Josh Jooris and loses puck.
1:22 of 1st period - Wrist shot by Josh Jooris.
1:22 of 1st period - Shot Misses the Net.
1:46 of 1st period - Minor Penalty to Scott Jackson for Tripping.
1:47 of 1st period - Mike Zigomanis wins face-off versus James Wright in Knights zone.
3:46 of 1st period - Penalty to Scott Jackson is over, Scott Jackson is back on ice.
3:49 of 1st period - Snap shot by Jimmy Hayes.
3:49 of 1st period - Stopped by John Gibson with a rebound.
4:09 of 1st period - Mark Fayne is hit by Cody Bass.
4:19 of 1st period - Snap shot by Michael Bournival.
4:19 of 1st period - Deflect By Johan Ryno.
4:19 of 1st period - Stopped by Jeff Glass without a rebound.
4:20 of 1st period - James Wright wins face-off versus Kevin Veilleux in Knights zone.
4:45 of 1st period - Nathan Davis is hit by Michael Raffl and loses puck.
5:26 of 1st period - Snap shot by Josh Jooris.
5:26 of 1st period - Shot Blocked by Matt Gilroy.
5:46 of 1st period - Wrist shot by Nathan Davis.
5:46 of 1st period - Shot Misses the Net.
5:48 of 1st period - Slapshot by Jonas Junland.
5:48 of 1st period - Deflect By Nathan Davis.
5:48 of 1st period - Shot Misses the Net.
5:48 of 1st period - Puck is out of play.
5:49 of 1st period - James Wright wins face-off versus Mike Zigomanis in Knights zone.
5:49 of 1st period - James Wright is hit by Mike Zigomanis.
5:59 of 1st period - Wrist shot by Mike Zigomanis.
5:59 of 1st period - Stopped by Jeff Glass with a rebound.
6:37 of 1st period - Slapshot by Nathan Davis.
6:37 of 1st period - Stopped by Jeff Glass with a rebound.
6:39 of 1st period - Snap shot by Tim Crowder.
6:39 of 1st period - Shot Misses the Net.
6:41 of 1st period - Snap shot by Mark Fayne.
6:41 of 1st period - Shot Misses the Net.
6:43 of 1st period - Slapshot by Nathan Davis.
6:43 of 1st period - Stopped by Jeff Glass without a rebound.
6:44 of 1st period - Mike Zigomanis wins face-off versus James Wright in Knights zone.
7:12 of 1st period - Snap shot by Mike Sislo.
7:12 of 1st period - Stopped by Jeff Glass without a rebound.
7:13 of 1st period - Joe Colborne wins face-off versus Dan Fritsche in Knights zone.
7:13 of 1st period - Joe Colborne is hit by Mike Sislo.
7:23 of 1st period - Wrist shot by Jimmy Hayes.
7:23 of 1st period - Shot Misses the Net.
7:27 of 1st period - Snap shot by Jimmy Hayes.
7:27 of 1st period - Shot Misses the Net.
7:31 of 1st period - Snap shot by Jimmy Hayes.
7:31 of 1st period - Stopped by John Gibson with a rebound.
7:33 of 1st period - Snap shot by Michael Raffl.
7:33 of 1st period - Shot Misses the Net.
7:35 of 1st period - Snap shot by Joe Colborne.
7:35 of 1st period - Stopped by John Gibson without a rebound.
7:36 of 1st period - James Wright wins face-off versus Cody McLeod in Rafales zone.
7:39 of 1st period - Wrist shot by Chris Thorburn.
7:39 of 1st period - Stopped by John Gibson with a rebound.
7:45 of 1st period - James Wright is hit by Mike Zigomanis.
8:10 of 1st period - Snap shot by Jeff Skinner.
8:10 of 1st period - Stopped by Jeff Glass with a rebound.
8:47 of 1st period - Slapshot by Jonathan Rheault.
8:47 of 1st period - Shot Blocked by A.J. Jenks.
8:49 of 1st period - Slapshot by Jonas Junland.
8:49 of 1st period - Stopped by Jeff Glass without a rebound.
8:50 of 1st period - James Wright wins face-off versus Dan Fritsche in Knights zone.
9:13 of 1st period - Wrist shot by Cody Bass.
9:13 of 1st period - Stopped by John Gibson with a rebound.
9:31 of 1st period - Wrist shot by Jonathan Rheault.
9:31 of 1st period - Shot Misses the Net.
9:35 of 1st period - Snap shot by Mike Sislo.
9:35 of 1st period - Stopped by Jeff Glass with a rebound.
9:37 of 1st period - Wrist shot by Mike Sislo.
9:37 of 1st period - Shot Blocked by Ronalds Kenins.
9:39 of 1st period - Slapshot by Julian Melchiori.
9:39 of 1st period - Deflect By Mike Sislo.
9:39 of 1st period - Shot Blocked by Scott Jackson.
9:39 of 1st period - Puck is out of play.
9:40 of 1st period - James Wright wins face-off versus Mike Zigomanis in Knights zone.
10:05 of 1st period - Jeff Skinner is hit by Jimmy Hayes and loses puck.
10:10 of 1st period - Snap shot by Michael Raffl.
10:10 of 1st period - Stopped by John Gibson with a rebound.
10:12 of 1st period - Snap shot by Jimmy Hayes.
10:12 of 1st period - Goal by Jimmy Hayes - Knights : 1 - Rafales : 0.
10:13 of 1st period - James Wright wins face-off versus Mike Zigomanis in neutral zone.
10:26 of 1st period - Snap shot by Milan Bartovic.
10:26 of 1st period - Goal by Milan Bartovic - Knights : 1 - Rafales : 1.
10:27 of 1st period - Mike Zigomanis wins face-off versus Joe Colborne in neutral zone.
11:03 of 1st period - Slapshot by Matt Gilroy.
11:03 of 1st period - Shot Misses the Net.
11:19 of 1st period - Snap shot by Chris Thorburn.
11:19 of 1st period - Shot Misses the Net.
11:21 of 1st period - Slapshot by Nikita Nikitin.
11:21 of 1st period - Shot Misses the Net.
11:31 of 1st period - Icing by Tomas Kundratek.
11:32 of 1st period - James Wright wins face-off versus Cody McLeod in Knights zone.
11:48 of 1st period - Snap shot by Chris Thorburn.
11:48 of 1st period - Shot Blocked by Mike Zigomanis.
11:50 of 1st period - Snap shot by James Wright.
11:50 of 1st period - Stopped by John Gibson without a rebound.
11:51 of 1st period - Nathan Davis wins face-off versus Joe Colborne in Rafales zone.
11:58 of 1st period - Wrist shot by Nathan Davis.
11:58 of 1st period - Shot Misses the Net.
12:16 of 1st period - Mike Zigomanis is hit by Kevin Hayes and loses puck.
12:25 of 1st period - Backhand shot by Ronalds Kenins.
12:25 of 1st period - Stopped by John Gibson with a rebound.
13:03 of 1st period - Slapshot by Josh Jooris.
13:03 of 1st period - Shot Misses the Net.
13:17 of 1st period - Marc-André Gragnani is hit by Joe Colborne and loses puck.
13:24 of 1st period - Slapshot by Joe Colborne.
13:24 of 1st period - Shot Misses the Net.
13:26 of 1st period - Snap shot by Nikita Nikitin.
13:26 of 1st period - Shot Blocked by Marc-André Gragnani.
14:06 of 1st period - Wrist shot by Jonathan Rheault.
14:06 of 1st period - Shot Misses the Net.
14:08 of 1st period - Slapshot by Marc-André Gragnani.
14:08 of 1st period - Shot Blocked by James Wright.
14:48 of 1st period - Wrist shot by Nathan Davis.
14:48 of 1st period - Goal by Nathan Davis - Knights : 1 - Rafales : 2.
14:49 of 1st period - Joe Colborne wins face-off versus Mike Zigomanis in neutral zone.
15:01 of 1st period - Wrist shot by Jimmy Hayes.
15:01 of 1st period - Shot Blocked by Jonas Junland.
15:05 of 1st period - Wrist shot by Jimmy Hayes.
15:05 of 1st period - Stopped by John Gibson with a rebound.
15:15 of 1st period - Cody Bass is hit by Jonas Junland and loses puck.
15:36 of 1st period - Jeff Skinner is hit by Scott Jackson and loses puck.
16:24 of 1st period - Joe Colborne is hit by Mike Zigomanis.
16:30 of 1st period - Slapshot by Milan Bartovic.
16:30 of 1st period - Stopped by Jeff Glass without a rebound.
16:31 of 1st period - Mike Zigomanis wins face-off versus Cody Bass in Knights zone.
16:40 of 1st period - Snap shot by Cody McLeod.
16:40 of 1st period - Stopped by Jeff Glass with a rebound.
16:42 of 1st period - Slapshot by Julian Melchiori.
16:42 of 1st period - Stopped by Jeff Glass with a rebound.
16:46 of 1st period - Wrist shot by Mike Zigomanis.
16:46 of 1st period - Deflect By Cody Bass.
16:46 of 1st period - Stopped by Jeff Glass without a rebound.
16:47 of 1st period - Jimmy Hayes wins face-off versus Dan Fritsche in Knights zone.
16:58 of 1st period - Snap shot by Joe Colborne.
16:58 of 1st period - Shot Blocked by Jonathan Rheault.
17:08 of 1st period - Minor Penalty to Mike Sislo for Holding.
17:09 of 1st period - Mike Zigomanis wins face-off versus James Wright in Rafales zone.
19:08 of 1st period - Penalty to Mike Sislo is over, Mike Sislo is back on ice.
19:43 of 1st period - Jonas Junland is hit by A.J. Jenks and loses puck.
19:54 of 1st period - Nikita Nikitin is hit by Dan Fritsche and loses puck.
Goals for this period are 1 for Knights vs 2 for Rafales.
Shots for this period are 10 for Knights vs 15 for Rafales.

2nd period


0:01 of 2nd period - James Wright wins face-off versus Mike Zigomanis in neutral zone.
0:06 of 2nd period - Snap shot by Chris Thorburn.
0:06 of 2nd period - Shot Misses the Net.
0:26 of 2nd period - Joe Colborne is hit by Dan Fritsche and loses puck.
0:46 of 2nd period - Off-side.
0:47 of 2nd period - Nathan Davis wins face-off versus Cody Bass in neutral zone.
0:52 of 2nd period - Snap shot by Ronalds Kenins.
0:52 of 2nd period - Stopped by John Gibson without a rebound.
0:53 of 2nd period - Cody Bass wins face-off versus Mike Zigomanis in Rafales zone.
2:03 of 2nd period - Wrist shot by Joe Colborne.
2:03 of 2nd period - Stopped by John Gibson with a rebound.
2:05 of 2nd period - Snap shot by Jimmy Hayes.
2:05 of 2nd period - Stopped by John Gibson without a rebound.
2:06 of 2nd period - Cody McLeod wins face-off versus Joe Colborne in Rafales zone.
2:13 of 2nd period - Wrist shot by Cody McLeod.
2:13 of 2nd period - Shot Hit the Post.
2:15 of 2nd period - Wrist shot by Marc-André Gragnani.
2:15 of 2nd period - Shot Blocked by Zach Trotman.
2:17 of 2nd period - Slapshot by Mark Fayne.
2:17 of 2nd period - Shot Misses the Net.
2:55 of 2nd period - Tomas Kundratek is hit by Nathan Davis and loses puck.
2:56 of 2nd period - Tomas Kundratek from Knights is injured at 2:56 of 2nd period (Strained Right Elbow).
2:57 of 2nd period - Chris Thorburn wins face-off versus Mike Zigomanis in Knights zone.
3:57 of 2nd period - Minor Penalty to Jonas Junland for Hooking.
3:58 of 2nd period - Mike Zigomanis wins face-off versus James Wright in Rafales zone.
4:28 of 2nd period - Snap shot by Jason Zucker.
4:28 of 2nd period - Shot Misses the Net.
4:30 of 2nd period - Snap shot by Joe Colborne.
4:30 of 2nd period - Stopped by John Gibson with a rebound.
4:32 of 2nd period - Snap shot by Joe Colborne.
4:32 of 2nd period - Shot Misses the Net.
4:34 of 2nd period - Wrist shot by Joe Colborne.
4:34 of 2nd period - Stopped by John Gibson without a rebound.
4:35 of 2nd period - James Wright wins face-off versus Mike Zigomanis in Rafales zone.
5:12 of 2nd period - Snap shot by Chris Thorburn.
5:12 of 2nd period - Stopped by John Gibson with a rebound.
5:14 of 2nd period - Snap shot by Michael Stone.
5:14 of 2nd period - Shot Blocked by Connor Murphy.
5:16 of 2nd period - Snap shot by Michael Raffl.
5:16 of 2nd period - Stopped by John Gibson with a rebound.
5:18 of 2nd period - Wrist shot by Michael Raffl.
5:18 of 2nd period - Shot Blocked by Connor Murphy.
5:20 of 2nd period - Snap shot by Michael Raffl.
5:20 of 2nd period - Shot Blocked by Julian Melchiori.
5:22 of 2nd period - Slapshot by Michael Stone.
5:22 of 2nd period - Stopped by John Gibson with a rebound.
5:24 of 2nd period - Slapshot by Michael Raffl.
5:24 of 2nd period - Goal by Michael Raffl - Knights : 2 - Rafales : 2.
5:25 of 2nd period - Mike Zigomanis wins face-off versus Ronalds Kenins in neutral zone.
5:30 of 2nd period - Snap shot by Cody McLeod.
5:30 of 2nd period - Shot Misses the Net.
5:50 of 2nd period - Nikita Nikitin is hit by Dan Fritsche and loses puck.
6:17 of 2nd period - Backhand shot by Michael Raffl.
6:17 of 2nd period - Shot Blocked by Matt Gilroy.
6:19 of 2nd period - Snap shot by Zach Trotman.
6:19 of 2nd period - Shot Blocked by Jonas Junland.
7:25 of 2nd period - Jonas Junland is hit by Zach Trotman and loses puck.
7:48 of 2nd period - Snap shot by Tim Crowder.
7:48 of 2nd period - Shot Misses the Net.
7:57 of 2nd period - Off-side.
7:58 of 2nd period - Mike Zigomanis wins face-off versus James Wright in neutral zone.
8:07 of 2nd period - Milan Bartovic is hit by Jason Zucker.
8:11 of 2nd period - Snap shot by Cody McLeod.
8:11 of 2nd period - Stopped by Jeff Glass with a rebound.
8:35 of 2nd period - Snap shot by Dan Fritsche.
8:35 of 2nd period - Shot Misses the Net.
8:47 of 2nd period - Scott Jackson is hit by Tim Crowder and loses puck.
9:13 of 2nd period - Off-side.
9:14 of 2nd period - Kevin Veilleux wins face-off versus James Wright in neutral zone.
9:19 of 2nd period - Slapshot by Mark Fayne.
9:19 of 2nd period - Stopped by Jeff Glass with a rebound.
9:27 of 2nd period - Wrist shot by Chris Thorburn.
9:27 of 2nd period - Shot Misses the Net.
9:29 of 2nd period - Wrist shot by James Wright.
9:29 of 2nd period - Shot Misses the Net.
9:39 of 2nd period - Snap shot by Joe Colborne.
9:39 of 2nd period - Shot Misses the Net.
9:41 of 2nd period - Snap shot by Jimmy Hayes.
9:41 of 2nd period - Shot Blocked by Marc-André Gragnani.
10:02 of 2nd period - Minor Penalty to A.J. Jenks for Holding.
10:03 of 2nd period - James Wright wins face-off versus Mike Zigomanis in Knights zone.
10:13 of 2nd period - James Wright is hit by Mike Zigomanis and loses puck.
10:54 of 2nd period - Wrist shot by Michael Raffl.
10:54 of 2nd period - Shot Blocked by Milan Bartovic.
12:02 of 2nd period - Penalty to A.J. Jenks is over, A.J. Jenks is back on ice.
12:03 of 2nd period - Mark Fayne is hit by Jimmy Hayes and loses puck.
13:09 of 2nd period - Mike Zigomanis is hit by Josh Jooris and loses puck.
13:36 of 2nd period - Matt Gilroy is hit by Michael Raffl and loses puck.
13:44 of 2nd period - Icing by Johan Ryno.
13:45 of 2nd period - Joe Colborne wins face-off versus Kevin Veilleux in Rafales zone.
13:46 of 2nd period - Snap shot by Jimmy Hayes.
13:46 of 2nd period - Shot Misses the Net.
15:06 of 2nd period - Icing by Matt Gilroy.
15:07 of 2nd period - Dan Fritsche wins face-off versus James Wright in Rafales zone.
15:07 of 2nd period - Dan Fritsche is hit by Jason Zucker.
15:15 of 2nd period - Slapshot by Jonas Junland.
15:15 of 2nd period - Shot Misses the Net.
15:23 of 2nd period - Wrist shot by Michael Stone.
15:23 of 2nd period - Stopped by John Gibson with a rebound.
16:19 of 2nd period - Jonas Junland is hit by Josh Jooris and loses puck.
16:34 of 2nd period - Slapshot by Cody McLeod.
16:34 of 2nd period - Shot Misses the Net.
16:42 of 2nd period - Backhand shot by Milan Bartovic.
16:42 of 2nd period - Shot Misses the Net.
17:00 of 2nd period - Snap shot by Ronalds Kenins.
17:00 of 2nd period - Shot Hit the Post.
17:22 of 2nd period - Slapshot by Scott Jackson.
17:22 of 2nd period - Stopped by John Gibson without a rebound.
17:23 of 2nd period - Mike Zigomanis wins face-off versus Joe Colborne in Rafales zone.
17:30 of 2nd period - Michael Raffl is hit by Mike Zigomanis and loses puck.
17:37 of 2nd period - Mark Fayne is hit by Zach Trotman and loses puck.
17:42 of 2nd period - Wrist shot by Jimmy Hayes.
17:42 of 2nd period - Shot Misses the Net.
17:44 of 2nd period - Slapshot by Nikita Nikitin.
17:44 of 2nd period - Deflect By Michael Raffl.
17:44 of 2nd period - Stopped by John Gibson without a rebound.
17:45 of 2nd period - Dan Fritsche wins face-off versus James Wright in Rafales zone.
18:14 of 2nd period - Kevin Hayes is hit by Milan Bartovic and loses puck.
18:21 of 2nd period - Slapshot by Cody McLeod.
18:21 of 2nd period - Stopped by Jeff Glass with a rebound.
18:58 of 2nd period - Snap shot by Josh Jooris.
18:58 of 2nd period - Goal by Josh Jooris - Knights : 3 - Rafales : 2.
18:59 of 2nd period - James Wright wins face-off versus Mike Zigomanis in neutral zone.
19:02 of 2nd period - Snap shot by James Wright.
19:02 of 2nd period - Shot Misses the Net.
19:16 of 2nd period - James Wright is hit by Cody McLeod and loses puck.
19:50 of 2nd period - Minor Penalty to Cody Bass for Hooking.
19:51 of 2nd period - James Wright wins face-off versus Mike Zigomanis in Knights zone.
Goals for this period are 2 for Knights vs 0 for Rafales.
Shots for this period are 13 for Knights vs 3 for Rafales.

3rd period


0:01 of 3rd period - James Wright wins face-off versus Mike Zigomanis in neutral zone.
0:26 of 3rd period - James Wright is hit by Jeff Skinner.
0:34 of 3rd period - Wrist shot by Michael Bournival.
0:34 of 3rd period - Stopped by Jeff Glass with a rebound.
0:36 of 3rd period - Slapshot by Dan Fritsche.
0:36 of 3rd period - Stopped by Jeff Glass with a rebound.
1:50 of 3rd period - Penalty to Cody Bass is over, Cody Bass is back on ice.
2:05 of 3rd period - Icing by Zach Trotman.
2:06 of 3rd period - Cody Bass wins face-off versus Nathan Davis in Knights zone.
3:25 of 3rd period - Slapshot by Tim Crowder.
3:25 of 3rd period - Shot Misses the Net.
3:27 of 3rd period - Minor Penalty to Michael Stone for Hooking.
3:28 of 3rd period - James Wright wins face-off versus Mike Zigomanis in Knights zone.
4:31 of 3rd period - Matt Gilroy is hit by Scott Jackson and loses puck.
5:27 of 3rd period - Penalty to Michael Stone is over, Michael Stone is back on ice.
5:39 of 3rd period - Scott Jackson is hit by Mike Sislo and loses puck.
5:52 of 3rd period - Slapshot by Cody McLeod.
5:52 of 3rd period - Shot Hit the Post.
5:54 of 3rd period - Slapshot by Kevin Veilleux.
5:54 of 3rd period - Stopped by Jeff Glass without a rebound.
5:55 of 3rd period - Kevin Veilleux wins face-off versus James Wright in Knights zone.
5:58 of 3rd period - Wrist shot by Cody McLeod.
5:58 of 3rd period - Stopped by Jeff Glass without a rebound.
5:59 of 3rd period - Cody Bass wins face-off versus Dan Fritsche in Knights zone.
7:01 of 3rd period - Snap shot by Chris Thorburn.
7:01 of 3rd period - Shot Blocked by Jeff Skinner.
7:21 of 3rd period - Jonas Junland is hit by A.J. Jenks and loses puck.
8:05 of 3rd period - Slapshot by Mike Zigomanis.
8:05 of 3rd period - Shot Misses the Net.
8:07 of 3rd period - Slapshot by Marc-André Gragnani.
8:07 of 3rd period - Stopped by Jeff Glass with a rebound.
8:21 of 3rd period - Snap shot by Jimmy Hayes.
8:21 of 3rd period - Stopped by John Gibson without a rebound.
8:22 of 3rd period - Joe Colborne wins face-off versus Dan Fritsche in Rafales zone.
8:23 of 3rd period - Slapshot by Jimmy Hayes.
8:23 of 3rd period - Stopped by John Gibson with a rebound.
8:25 of 3rd period - Slapshot by Zach Trotman.
8:25 of 3rd period - Shot Blocked by Julian Melchiori.
8:27 of 3rd period - Wrist shot by Zach Trotman.
8:27 of 3rd period - Stopped by John Gibson without a rebound.
8:28 of 3rd period - Dan Fritsche wins face-off versus Joe Colborne in Rafales zone.
8:56 of 3rd period - Minor Penalty to Zach Trotman for Holding.
8:57 of 3rd period - James Wright wins face-off versus Cody McLeod in Knights zone.
9:23 of 3rd period - Snap shot by Dan Fritsche.
9:23 of 3rd period - Stopped by Jeff Glass with a rebound.
9:25 of 3rd period - Slapshot by Jonas Junland.
9:25 of 3rd period - Deflect By Michael Bournival.
9:25 of 3rd period - Stopped by Jeff Glass without a rebound.
9:26 of 3rd period - James Wright wins face-off versus Dan Fritsche in Knights zone.
9:39 of 3rd period - Snap shot by Dan Fritsche.
9:39 of 3rd period - Shot Blocked by Nikita Nikitin.
9:41 of 3rd period - Slapshot by Jonas Junland.
9:41 of 3rd period - Shot Blocked by Cody Bass.
10:56 of 3rd period - Penalty to Zach Trotman is over, Zach Trotman is back on ice.
11:36 of 3rd period - Mark Fayne is hit by Zach Trotman and loses puck.
11:47 of 3rd period - Johan Ryno is hit by Joe Colborne and loses puck.
12:02 of 3rd period - Marc-André Gragnani is hit by A.J. Jenks and loses puck.
12:17 of 3rd period - Mark Fayne is hit by Jason Zucker and loses puck.
13:00 of 3rd period - Mike Zigomanis is hit by Cody Bass and loses puck.
13:13 of 3rd period - Snap shot by Jimmy Hayes.
13:13 of 3rd period - Shot Misses the Net.
13:21 of 3rd period - Snap shot by Milan Bartovic.
13:21 of 3rd period - Shot Blocked by Chris Thorburn.
13:38 of 3rd period - Mike Sislo is hit by Cody Bass.
13:52 of 3rd period - Joe Colborne is hit by Nathan Davis and loses puck.
14:14 of 3rd period - Chris Thorburn is hit by Marc-André Gragnani and loses puck.
14:27 of 3rd period - Jonas Junland is hit by Josh Jooris and loses puck.
14:46 of 3rd period - Jonas Junland is hit by Joe Colborne and loses puck.
15:04 of 3rd period - Johan Ryno is hit by Kevin Hayes and loses puck.
15:15 of 3rd period - James Wright is hit by Mike Sislo and loses puck.
15:39 of 3rd period - Mark Fayne is hit by Josh Jooris and loses puck.
16:19 of 3rd period - Michael Raffl is hit by Julian Melchiori and loses puck.
16:38 of 3rd period - Ronalds Kenins is hit by Johan Ryno.
17:41 of 3rd period - Icing by Michael Stone.
17:42 of 3rd period - James Wright wins face-off versus Dan Fritsche in Knights zone.
18:57 of 3rd period - Rafales, John Gibson is pulled from the net.
19:01 of 3rd period - Wrist shot by Cody McLeod.
19:01 of 3rd period - Shot Blocked by James Wright.
19:03 of 3rd period - Wrist shot by Milan Bartovic.
19:03 of 3rd period - Shot Misses the Net.
19:05 of 3rd period - Wrist shot by Mike Zigomanis.
19:05 of 3rd period - Stopped by Jeff Glass with a rebound.
19:07 of 3rd period - Snap shot by Milan Bartovic.
19:07 of 3rd period - Shot Blocked by Michael Raffl.
19:09 of 3rd period - Wrist shot by Milan Bartovic.
19:09 of 3rd period - Stopped by Jeff Glass with a rebound.
19:11 of 3rd period - Slapshot by Milan Bartovic.
19:11 of 3rd period - Shot Misses the Net.
19:25 of 3rd period - Backhand shot by Cody McLeod.
19:25 of 3rd period - Shot Misses the Net.
19:27 of 3rd period - Slapshot by Marc-André Gragnani.
19:27 of 3rd period - Shot Misses the Net.
19:33 of 3rd period - Snap shot by Mike Zigomanis.
19:33 of 3rd period - Shot Misses the Net.
19:35 of 3rd period - Wrist shot by Marc-André Gragnani.
19:35 of 3rd period - Shot Misses the Net.
19:37 of 3rd period - Slapshot by Mark Fayne.
19:37 of 3rd period - Deflect By Milan Bartovic.
19:37 of 3rd period - Stopped by Jeff Glass without a rebound.
19:38 of 3rd period - Paul MacLean call a timeout for Rafales.
19:38 of 3rd period - Mike Zigomanis wins face-off versus James Wright in Knights zone.
Goals for this period are 0 for Knights vs 0 for Rafales.
Shots for this period are 3 for Knights vs 10 for Rafales.